 Dungeon Crawl Stone Soup version 0.21-a0-401-g0b6bec4 (webtiles) character file.

23 exp172 the Cudgeler (level 2, 0/29 HPs)
             Began as a Troll Berserker on Oct 25, 2017.
             Was a Follower of Trog.
             Slain by Natasha (7 damage)
             ... on level 2 of the Dungeon.
             The game lasted 00:12:24 (689 turns).

exp172 the Cudgeler (Troll Berserker)                Turns: 689, Time: 00:12:25

Health: 0/29       AC:  5    Str: 24    XL:     2   Next: 75%
Magic:  1/1        EV: 10    Int:  3    God:    Trog [*.....]
Gold:   37         SH:  0    Dex:  9    Spells: 1/1 levels left

rFire    . . .     SeeInvis .   a - +0 mace
rCold    . . .     Gourm    +   (no shield)
rNeg     . . .     Faith    .   b - +0 animal skin
rPois    .         Spirit   .   (helmet restricted)
rElec    .         Reflect  .   i - scarf {repulsion}
rCorr    .         Harm     .   (gloves unavailable)
MR       .....                  (boots unavailable)
Stlth    +.........             (no amulet)
HPRegen  0.49/turn              (no ring)
MPRegen  0.07/turn              (no ring)

@: repel missiles
A: unfitting armour, claws 3, fast metabolism 3, gourmand, regeneration 1,
shaggy fur 1, tough skin 2
a: Berserk, Burn Spellbooks, Renounce Religion


You were on level 2 of the Dungeon.
You worshipped Trog.
Trog was aware of your devotion.
You were near starving.

You visited 1 branch of the dungeon, and saw 2 of its levels.

You collected 37 gold pieces.

Inventory:

Hand Weapons
 a - a +0 mace (weapon)
 d - a +0 hand axe
Armour
 b - a +0 animal skin (worn)
 i - a scarf of repulsion (worn)
Scrolls
 e - a scroll of amnesia {unknown}
 f - a scroll of remove curse {unknown}
 g - a scroll of noise {unknown}
Potions
 h - a potion of flight {unknown}
 j - a potion of curing {unknown}
Comestibles
 c - 2 bread rations
 k - a chunk of flesh


   Skills:
 + Level 2.6 Fighting
 * Level 3.3 Maces & Flails
 + Level 2.6 Dodging


You had one spell level left.
You didn't know any spells.

Dungeon Overview and Level Annotations

Branches:
Dungeon (2/15)

Altars:
Xom

Annotations:
D:2 Natasha


Innate Abilities, Weirdness & Mutations

You are too large for most types of armour.
You have claws for hands.
Your metabolism is lightning-fast.
You like to eat raw meat.
Your natural rate of healing is unusually fast.
You are covered in fur. (AC +1)
You have very tough skin. (AC +2)


Message History

You hit the white imp but do no damage. Natasha claws you.
The white imp misses you.
You hit the white imp.
The white imp is moderately wounded.
Natasha claws you.
The white imp hits you but does no damage.
You thump the white imp!
The white imp is almost dead.
Natasha closely misses you. The white imp gestures at you.
The puff of frost hits you! Natasha claws you.
* * * LOW HITPOINT WARNING * * *
You hit the white imp.
You kill the white imp!
Natasha claws you.
* * * LOW HITPOINT WARNING * * *
Natasha growls.
Natasha claws you but does no damage. Natasha claws you!
You die...

........#.#....'.#.........#
###.....#......#.#.........#
#.....##.....#.#.........#
#.....##.........#########
#.....###........# #.....#
#.#......# ###.....#
#........###
.##.....####....h....#
.####...........@....#
...............#.....#
...............#.....#
.........####÷##.#####
....##.÷.####....#
....##...+..#.#..##
....##...##.#.....#
....##...##.#...#.#
....##...##.....#†#


You could see Natasha.

Vanquished Creatures
  4 giant cockroaches
  3 hobgoblins
  2 quokkas (D:2)
  2 ball pythons (D:2)
  2 bats (D:2)
  3 frilled lizards
  4 goblins
  A kobold (D:1)
21 creatures vanquished.

Notes
Turn   | Place    | Note
-------+----------+-------------------------------------------
     0 | D:1      | exp172 the Troll Berserker began the quest for the Orb.
     0 | D:1      | Reached XP level 1. HP: 22/22 MP: 0/0
   110 | D:1      | Found a shimmering altar of Xom.
   293 | D:2      | Reached skill level 3 in Maces & Flails
   300 | D:2      | Reached XP level 2. HP: 29/29 MP: 1/1
   665 | D:2      | Noticed Natasha
   689 | D:2      | Slain by Natasha

Vault maps used:
D:1:      dpeg_arrival_stonehenge_12_columns, xom_teletrap_fun
D:2:      grunt_temple_overflow_open, minmay_tromino_v2, uniq_natasha

Skill      XL: |  1 |
---------------+----+-----
Maces & Flails | 3 |  3.3
Fighting       | |  2.6
Dodging        | |  2.6

Action                   || total
-------------------------++-------
Melee: Mace              ||    78
  Eat: Chunk             ||     2
Armor: Animal skin       ||    34
Dodge: Dodged            ||    47

Table legend:
 A = Spawn XP
 B = Non-spawn XP
 C = Spawn XP percentage of total XP
 D = Spawn monster count
 E = Non-spawn monster count
 F = Spawn count percentage of total count
 G = Total turns spent on level
                    A         B        C        D         E        F      G
               +---------+---------+-------+---------+---------+-------+---------
         Total |       0 |      34 |   0.0 |       0 |      21 |   0.0 |   689
               +---------+---------+-------+---------+---------+-------+---------
           D:1 |       0 |       9 |   0.0 |       0 |       6 |   0.0 |   288
           D:2 |       0 |      25 |   0.0 |       0 |      15 |   0.0 |   401
               +---------+---------+-------+---------+---------+-------+---------
